 Dungeon Crawl Stone Soup version 0.18.1-5-g4a78601 (webtiles) character file.

2381 Gargoyl the Covered (level 9, -1/68 HPs)
             Began as a Demonspawn Abyssal Knight on May 10, 2016.
             Was a High Priest of Lugonu.
             Slain by a wolf (5 damage)
             ... led by Grum
             ... on level 7 of the Dungeon.
             The game lasted 00:20:28 (9411 turns).

Gargoyl the Covered (Demonspawn Abyssal Knight)     Turns: 9411, Time: 00:20:28

Health: -1/68      AC: 15    Str: 15    XL:     9   Next: 22%
Magic:  0/11       EV: 10    Int: 14    God:    Lugonu [*****.]
Gold:   505        SH: 10    Dex: 18    Spells: 0 memorised, 8 levels left

rFire  + . .     SeeInvis .     i - +1 war axe
rCold  . . .     Gourm    +     l - +0 plate armour
rNeg   . . .     Faith    .     d - +0 shield
rPois  .         Spirit   +     (helmet restricted)
rElec  .         Dismiss  .     s - +0 cloak
rCorr  .         Reflect  .     w - +0 pair of gloves
SustAt .         Harm     .     (no boots)
MR     .....                    y - amulet of the gourmand
Stlth  ..........               (no ring)
                                (no ring)

@: agile, flying (expiring), very slightly contaminated, hasted, drained, very
quick, not resistant to hostile enchantments, extremely unstealthy
A: horns 1, fire resistance 1, magic shield, sturdy frame 1
a: Depart the Abyss, Bend Space, Banish, Corrupt, Enter the Abyss, Renounce
Religion


You were on level 7 of the Dungeon.
You worshipped Lugonu.
Lugonu was extremely pleased with you.
You were completely stuffed.

You visited 1 branch of the dungeon, and saw 8 of its levels.
You visited the Abyss 1 time.

You collected 505 gold pieces.

Inventory:

Hand Weapons
 g - a +3 flail of protection
 i - a +1 war axe (weapon)
 n - a +0 spear
Missiles
 x - 3 tomahawks (quivered)
Armour
 d - a +0 shield (worn)
 l - a +0 plate armour (worn)
 s - a +0 cloak (worn)
 w - a +0 pair of gloves (worn)
Jewellery
 y - an amulet of the gourmand (around neck)
 C - an uncursed amulet of regeneration {unknown}
Wands
 r - a wand of iceblast (10/15)
 B - a wand of lightning (7/15)
 H - a wand of acid (7/15)
 I - a wand of paralysis (14/24)
Scrolls
 b - 8 scrolls of identify
 f - 3 scrolls of teleportation
 j - a scroll of amnesia
 q - 2 scrolls of fog
 F - a scroll of magic mapping {unknown}
Potions
 a - 2 potions of mutation {unknown}
 e - 3 potions of brilliance
 k - a potion of agility
 m - a potion of heal wounds {unknown}
 o - a potion of lignification {unknown}
 p - a potion of magic {unknown}
 t - a potion of haste
 u - 2 potions of flight
 v - a potion of berserk rage {unknown}
 z - a potion of might {unknown}
 E - a potion of cure mutation {unknown}
 G - a potion of ambrosia {unknown}
Books
 D - a book of the Tempests

   Spells                             Type                      Level
   a - Static Discharge               Conjuration/Air              3
   b - Lightning Bolt                 Conjuration/Air              5
   c - Fireball                       Conjuration/Fire             5
   d - Tornado                        Air                          9
   e - Shatter                        Earth                        9
Comestibles
 c - 4 bread rations
 h - 2 meat rations


   Skills:
 + Level 5.5(5.2) Fighting
 + Level 5.1(4.8) Axes
 + Level 0.3(0.0) Throwing
 * Level 7.3(6.9) Armour
 + Level 2.0(1.7) Dodging
 + Level 0.6(0.3) Stealth
 + Level 4.9(4.6) Shields
 + Level 3.6(3.3) Invocations


You had 8 spell levels left.
You didn't know any spells.

Dungeon Overview and Level Annotations

Branches:
Dungeon (8/15)             Temple (0/1) D:7
   Lair: D:8-11

Altars:
Elyvilon
Okawaru
Pakellas
Vehumet
Xom

Annotations:
D:8 Grum
Abyss:1 Menkaure


Innate Abilities, Weirdness & Mutations

You have a pair of small horns on your head.
Your flesh is heat resistant.
When hurt, damage is shared between your health and your magic reserves.
Your movements are slightly less encumbered by armour (ER -2).


Message History

You hit the wolf but do no damage.
The wolf is lightly wounded.
The wolf bites you but does no damage. x2
Your shield and plate armour prevent you from hitting the wolf.
The wolf is lightly wounded.
You are starting to lose your buoyancy.
The wolf bites you.
* * * LOW HITPOINT WARNING * * *
You hit the wolf.
The wolf is moderately wounded.
You block the wolf's attack. The wolf barely misses you.
You barely miss the wolf.
The wolf is moderately wounded.
The wolf bites you.
* * * LOW HITPOINT WARNING * * *
Drink which item? (? for menu, Esc to quit)
It was a potion of agility.
You feel agile all of a sudden. The wolf bites you but does no damage.
The wolf bites you!
You die...

#.##.#.####.####.###.########
#.##.#.# #.####.# ###......#
#......# #......## ##..####
####.### ##......# #.## #.##
#......# ###.# ##### #..##
#......###...###.... #...#
#................... ##.##
#..h...###(..###.... #..#
#..@...#.......##### #.##
#####..#.#...#.# #.#
####.#...#.# #.# #####
####.#...#.# # #.# #)..#
#....###.#.# # #.# #...#
#........#.# # #.# #...#
#....).....# # #.# ##)##
############ # ### ♣.♣♣ #


You could see a wolf.

Vanquished Creatures
  Edmund (D:5)
  Duvessa (D:7)
  2 ice beasts
  A phantom (D:7)
  A sky beast (D:7)
  A centaur (D:6)
  2 ogres
  4 giant frogs
  Dowan (D:7)
  A wyvern skeleton (D:7)
  A scorpion (D:3)
  4 wights (D:7)
  A howler monkey (D:7)
  4 crimson imps
  A centaur skeleton (D:7)
  A jelly (D:5)
  An orc priest (D:8)
  5 orc wizards
  Crazy Yiuf (D:7)
  An iguana (D:4)
  3 worker ants
  A worker ant zombie (D:5)
  Robin (D:3)
  8 gnolls
  8 adders
  A howler monkey skeleton (D:4)
  A shadow imp (D:5)
  An adder zombie (D:5)
  An adder skeleton (D:5)
  2 worms (D:5)
  2 dart slugs
  9 giant geckos
  20 orcs
  2 giant cockroaches
  18 goblins
  10 hobgoblins
  18 jackals
  9 kobolds
  4 quokkas
  A ball python (D:3)
  9 bats
  A giant cockroach zombie (D:5)
  A giant gecko skeleton (D:4)
  4 giant newts
  9 rats
  3 fungi
182 creatures vanquished.

Vanquished Creatures (others)
  An iguana (D:5)
  An ooze (D:3)
  A ball python (D:3)
3 creatures vanquished.

Grand Total: 185 creatures vanquished

Notes
Turn   | Place    | Note
--------------------------------------------------------------
     0 | Abyss:1  | Gargoyl the Demonspawn Abyssal Knight began the quest for the Orb.
     0 | Abyss:1  | Reached XP level 1. HP: 18/18 MP: 2/2
    24 | Abyss:2  | Noticed a small abomination
    50 | Abyss:2  | Noticed a smoke demon
    65 | D:1      | Escaped the Abyss
   329 | D:1      | Reached * piety under Lugonu
   329 | D:1      | Reached skill level 2 in Armour
   329 | D:1      | Gained mutation: Your flesh is heat resistant. [demonic ancestry]
   329 | D:1      | Reached XP level 2. HP: 24/24 MP: 4/4
   370 | D:1      | Reached skill level 1 in Dodging
   897 | D:1      | Reached XP level 3. HP: 18/29 MP: 5/5
  1839 | D:3      | Reached ** piety under Lugonu
  1971 | D:3      | Found a radiant altar of Vehumet.
  2352 | D:3      | Reached XP level 4. HP: 16/35 MP: 6/6
  2569 | D:3      | Reached skill level 3 in Armour
  2827 | D:3      | Reached skill level 1 in Shields
  2886 | D:3      | Noticed Robin
  2889 | D:3      | Reached XP level 5. HP: 33/41 MP: 7/7
  2902 | D:3      | Killed Robin
  3550 | D:4      | Found an oddly glowing altar of Pakellas.
  3892 | D:3      | Gained mutation: You have a pair of small horns on your head. [demonic ancestry]
  3892 | D:3      | Reached XP level 6. HP: 48/48 MP: 8/8
  3895 | D:3      | Reached *** piety under Lugonu
  4073 | D:4      | Reached skill level 4 in Armour
  5056 | D:4      | Noticed Menkaure
  5060 | D:4      | HP: 2/48 [Menkaure (15)]
  5061 | D:4      | Banished Menkaure
  5379 | D:4      | Found an iron altar of Okawaru.
  5682 | D:5      | Entered Level 5 of the Dungeon
  5991 | D:5      | Gained mutation: Your movements are slightly less encumbered by armour (ER -2). [demonic ancestry]
  5991 | D:5      | Reached XP level 7. HP: 9/54 MP: 9/9
  5995 | D:5      | Reached **** piety under Lugonu
  6276 | D:5      | Noticed Edmund
  6309 | D:5      | Killed Edmund
  6309 | D:5      | Reached skill level 5 in Armour
  6472 | D:5      | Found a shimmering altar of Xom.
  7070 | D:6      | Reached XP level 8. HP: 39/61 MP: 10/10
  7319 | D:6      | Found a white marble altar of Elyvilon.
  7693 | D:6      | Reached skill level 6 in Armour
  8096 | D:7      | Found a staircase to the Ecumenical Temple.
  8521 | D:7      | Noticed Crazy Yiuf
  8530 | D:7      | Killed Crazy Yiuf
  8530 | D:7      | Reached skill level 5 in Fighting
  8770 | D:7      | Noticed Duvessa
  8787 | D:7      | Killed Duvessa
  8787 | D:7      | Reached ***** piety under Lugonu
  8790 | D:7      | Noticed Dowan
  8796 | D:7      | Reached skill level 7 in Armour
  8796 | D:7      | Gained mutation: When hurt, damage is shared between your health and your magic reserves. [demonic ancestry]
  8796 | D:7      | Reached XP level 9. HP: 47/68 MP: 11/11
  8823 | D:7      | Killed Dowan
  9249 | D:8      | Reached skill level 5 in Axes
  9349 | D:8      | Noticed Grum
  9411 | D:7      | Slain by a wolf

Skill      XL: |  1  2  3  4  5  6  7  8  9 |
---------------+----------------------------+-----
Axes           | 2 3 4 5 |  5.1
Armour         | 2 3 4 5 7 |  7.3
Dodging        | 1 2 |  2.0
Shields        | 1 2 3 4 |  4.9
Fighting       | 4 5 |  5.5
Invocations    | 3 |  3.6
Throwing       | |  0.3
Stealth        | |  0.6

Action                   |  1- 3 |  4- 6 |  7- 9 || total
-------------------------+-------+-------+-------++-------
Melee: Hand axe          |   147 |       |       ||   147
       War axe           |    40 |   278 |   373 ||   691
       Flail             |    13 |       |       ||    13
       Headbutt          |       |    15 |    70 ||    85
       Spear             |       |     3 |       ||     3
Throw: Tomahawk          |       |       |     2 ||     2
Invok: Depart the Abyss  |     1 |       |       ||     1
       Banish            |       |     1 |     1 ||     2
       Bend Space        |       |       |     1 ||     1
Evoke: Wand              |       |     1 |       ||     1
  Use: Potion            |       |     2 |     4 ||     6
       Scroll            |       |     6 |     6 ||    12
  Eat: Chunk             |     5 |    12 |    15 ||    32
       Fruit             |       |     4 |       ||     4
       Bread ration      |       |       |     1 ||     1
Armor: Ring mail         |    16 |       |       ||    16
       Scale mail        |    59 |       |       ||    59
       Plate armour      |    27 |   274 |   334 ||   635
       Chain mail        |     8 |       |       ||     8
Dodge: Dodged            |    82 |    21 |    70 ||   173
Block: Shield            |    42 |   154 |   221 ||   417
